 Dungeon Crawl Stone Soup version 0.28.0-43-g3370ac3207 (webtiles) character file.

Game seed: 2303931870376832875

1399 Faeu the Skirmisher (level 8, 0/65 HPs)
             Began as a Minotaur Fighter on Mar 22, 2022.
             Was a Follower of Hepliaklqana.
             Slain by an ogre
             ... wielding a +0 giant club
              (28 damage)
             ... on level 5 of the Dungeon.
             The game lasted 00:16:11 (4915 turns).

Faeu the Skirmisher (Minotaur Fighter)              Turns: 4915, Time: 00:16:12

Health: 0/65       AC: 11    Str: 23    XL:     8   Next: 41%
Magic:  7/7        EV:  9    Int:  5    God:    Hepliaklqana [*.....]
Gold:   227        SH:  5    Dex: 10    Spells: 7/7 levels left

rFire   x . .      SeeInvis .   a - +0 long sword {long}
rCold   + . .      Faith    .   c - +0 buckler
rNeg    . . .      Spirit   .   b - +0 scale mail
rPois   .          Reflect  .   k - +2 hat
rElec   .          Harm     .   f - +0 cloak
rCorr   .          Rampage  .   (no gloves)
Will    .....                   (no boots)
Stlth   ..........              (no amulet)
HPRegen 0.20/turn               m - ring of ice
MPRegen 0.10/turn               (no ring)

@: no status effects
A: reduced essence, horns 2, retaliatory headbutt
a: Renounce Religion, Recall Ancestor, Ancestor Identity


You were on level 5 of the Dungeon.
You worshipped Hepliaklqana.
Hepliaklqana was aware of your devotion.
You visited 1 branch of the dungeon, and saw 5 of its levels.
You also visited: Sewer.

You collected 227 gold pieces.


Innate Abilities, Weirdness & Mutations

Your life essence is reduced to manifest your ancestor. (-10% HP)
You have a pair of horns on your head.
You reflexively headbutt those who attack you in melee.


   Skills:
 + Level 7.2 Fighting
 + Level 6.6 Long Blades
 + Level 7.2 Armour
 + Level 7.2 Shields


You had 7 spell levels left.
You didn't know any spells.
Your spell library was empty.

Inventory:

Hand Weapons
 a - a +0 long sword (weapon) {long}
 q - a +2 dagger of speed {short}
   (You took it off a goblin on level 3 of the Dungeon)
Missiles
 d - a throwing net (quivered) {=f!fthrowing}
Armour
 b - a +0 scale mail (worn)
 c - a +0 buckler (worn)
 f - a +0 cloak (worn)
   (You found it on level 1 of the Dungeon)
 k - a +2 hat (worn)
   (You found it on level 2 of the Dungeon)
Jewellery
 m - a ring of ice (left hand)
   (You found it on level 2 of the Dungeon)
Scrolls
 g - 2 scrolls of magic mapping {!r}
 i - a scroll of identify {@r1}
 j - 4 scrolls of amnesia
 l - a scroll of teleportation {unknown}
 n - 2 scrolls of immolation {unknown}
 p - a scroll of vulnerability {unknown}
 r - a scroll of acquirement {unknown}
 u - a scroll of fog {unknown}
Potions
 e - a potion of flight {unknown}
 h - 5 potions of resistance
 o - 2 potions of magic
 s - 3 potions of haste {@q3}
 t - a potion of mutation {unknown}
 v - a potion of invisibility {unknown}

Dungeon Overview and Level Annotations

Branches:
Dungeon (5/15)              Sewer (visited)
 Temple: D:4-7

Altars:
Ashenzari
Hepliaklqana
Nemelex Xobeh

# .# ###### ..#
####....###....
#...$........
#.......# #@..#
#.....OR)......
#.#....=...(..#
#....#...#..#
#.... ......#
....#. .......
..#..## #+###..
..... ..


You could see the friendly Jaydra the ancestor and an ogre (ally target).


Message History

No target in view!
You see here a ball python corpse.
You swap places.
j - 4 scrolls of amnesia (gained 1)
You open the door.
There is an open door here.
There is an open door here.
You open the door.
There is an open door here.
As you open the door, it creaks loudly!
You see here a +0 scale mail.
u - a scroll labelled WARAME OR ENIE A goblin comes into view.
It is wielding a +0 dagger.
The goblin shouts!
The goblin hits you but does no damage.
You slash the goblin!
You kill the goblin!
Things that are here:
a +0 dagger {short}; a goblin corpse
There is an open door here.
You swap places.
There is an open door here.
There is an open door here.
v - a dark potion You swap places.
Natasha, Servant of Life and Death comes into view.
Natasha hisses angrily.
Natasha howls an incantation.
Natasha shimmers violently.
Natasha stares at you and mumbles some strange words.
You feel yourself slow down. Natasha claws you but does no damage.
Natasha casts a spell at you. You resist with some effort.
You closely miss Natasha. Your headbutt misses Natasha. Natasha claws you!
Natasha mumbles some strange words. 😕 HP[-7]
You take 7 damage, and now have 58/65 hp.
You hit Natasha. You headbutt Natasha!
You kill Natasha!
Natasha screams in pain as she dies!
The crimson imp disappears in a puff of smoke! 😕 HP[+1] 😕 HP[+1] No target in view!
You feel yourself speed up.
You see here a +0 ring mail.
You swap places.
You swap places.
You see here a +0 dagger {short}.
Done exploring. 😎 HP[+5] No target in view!
Done exploring.
(D) Dungeon
Where to? (Enter - D:4, ? - help)
There is a stone staircase leading down here.
You climb downwards.
The ogre shouts!
The hound zombie closely misses you. x2
There is a stone staircase leading up here.
There are monsters nearby!
You slash the quokka!
You kill the quokka!
The hound zombie closely misses you.
Jaydra barely misses the hound zombie.
You block the hound zombie's attack.
You hit the ogre but do no damage.
Jaydra hits the hound zombie!
You block the hound zombie's attack. The ogre barely misses you.
You slash the hound zombie!
The hound zombie bites you but does no damage.
Jaydra closely misses the hound zombie.
The hound zombie bites you but does no damage.
The ogre hits you but does no damage.
You hit the hound zombie but do no damage.
Jaydra hits the hound zombie.
The hound zombie closely misses you.
The ogre hits you with a +0 giant club!!
Jaydra hits the hound zombie.
The hound zombie is destroyed! 😮 HP[-20]
You take 20 damage, and now have 45/65 hp.
MASSIVE DAMAGE!! (PAUSE)
You are too injured to fight recklessly!
You are too injured to fight recklessly!
You are too injured to fight recklessly!
You are too injured to fight recklessly!
You are too injured to fight recklessly!
You hit the ogre. Your headbutt misses the ogre. You barely miss the ogre.
The ogre hits you with a +0 giant club.
Jaydra hits the ogre. 😮 HP[-3]
You take 3 damage, and now have 42/65 hp.
You hit the ogre but do no damage. The ogre hits you with a +0 giant club!
* * * LOW HITPOINT WARNING * * *
Jaydra hits the ogre. 😨 HP[-14]
You take 14 damage, and now have 28/65 hp.
MASSIVE DAMAGE!! (PAUSE)
You slash the ogre! You headbutt the ogre.
Jaydra closely misses the ogre.
The ogre hits you with a +0 giant club!!
You die...

Skill      XL: |  1  2  3  4  5  6  7  8 |
---------------+-------------------------+-----
Fighting       | 4 5 6 7 |  7.2
Shields        | 4 5 6 7 |  7.2
Armour         | 4 5 6 7 |  7.2
Long Blades    | 3 4 6 |  6.6

Action                   |  1- 3 |  4- 6 |  7- 9 || total
-------------------------+-------+-------+-------++-------
Melee: Long sword        |    88 |     9 |    32 ||   129
       Headbutt          |     7 |    24 |    24 ||    55
       Dagger            |       |   126 |    72 ||   198
  Use: Scroll            |       |       |     5 ||     5
       Potion            |       |       |     1 ||     1
Armor: Scale mail        |    43 |    39 |    29 ||   111
Dodge: Dodged            |    47 |    36 |    33 ||   116
Block: Buckler           |    21 |    18 |    24 ||    63

Levels and vault maps discovered:
D:1:      dpeg_arrival_court, layout_basic, ebering_ecumenical_altar_sacrificial
D:2:      layout_basic, basic_altar
D:3:      layout_loops_ring, general_overflow_altar
D:4:      layout_basic, mainiacjoe_overflow_tiny_flanked, portal_sewer_entry_e,
          uniq_natasha
D:5:      layout_basic, palyth_temple_overflow_mages, minmay_temple_entry_hall,
          gammafunk_ghost_necromancy, uniq_pikel

Notes
Turn   | Place    | Note
-------+----------+-------------------------------------------
     0 | D:1      | Faeu the Minotaur Fighter began the quest for the Orb.
     0 | D:1      | Reached XP level 1. HP: 19/19 MP: 0/0
     0 | D:1      | magus.rc [v1.9.6]
   111 | D:1      | Reached XP level 2. HP: 27/27 MP: 1/1
   172 | D:1      | Found a faded altar of an unknown god.
   257 | D:1      | Reached skill level 4 in Fighting
   319 | D:1      | Reached skill level 4 in Shields
   322 | D:1      | Reached skill level 4 in Armour
   389 | D:1      | Reached skill level 3 in Long Blades
   391 | D:1      | Reached XP level 3. HP: 33/33 MP: 2/2
  1142 | D:2      | Found a hazy altar of Hepliaklqana.
  1152 | D:2      | Became a worshipper of Hepliaklqana the Forgotten
  1434 | D:3      | Found a broken altar of Ashenzari.
  1461 | D:3      | Reached XP level 4. HP: 37/41 MP: 3/3
  1520 | D:3      | Noticed a centaur
  1532 | D:3      | Killed a centaur
  1533 | D:3      | Reached XP level 5. HP: 21/47 MP: 4/4
  2257 | D:4      | Reached * piety under Hepliaklqana
  2343 | D:4      | Reached skill level 4 in Long Blades
  2474 | D:4      | Reached skill level 5 in Fighting
  2474 | D:4      | Reached skill level 5 in Armour
  2474 | D:4      | Reached skill level 5 in Shields
  2489 | D:4      | Found a glowing drain.
  2503 | Sewer    | Entered a sewer
  2515 | Sewer    | Reached XP level 6. HP: 47/50 MP: 5/5
  2894 | Sewer    | Found a viscous altar of Jiyva.
  3389 | D:4      | Reached XP level 7. HP: 43/55 MP: 6/6
  3506 | D:4      | Found a sparkling altar of Nemelex Xobeh.
  3570 | D:4      | Reached skill level 5 in Long Blades
  3587 | D:4      | Noticed a yak
  3602 | D:4      | Killed a yak
  3603 | D:4      | Reached skill level 6 in Fighting
  3603 | D:4      | Reached skill level 6 in Armour
  3603 | D:4      | Reached skill level 6 in Shields
  3649 | D:4      | Noticed a yak
  3649 | D:4      | Noticed a yak
  3649 | D:4      | Noticed a yak
  3649 | D:4      | Noticed a yak
  3689 | D:4      | Killed a yak
  3700 | D:4      | Killed a yak
  3702 | D:4      | HP: 12/57 [yak (8)]
  3703 | D:4      | HP: 1/57 [yak (11)]
  3707 | D:4      | Killed a yak
  3708 | D:4      | Reached skill level 6 in Long Blades
  3708 | D:4      | Reached XP level 8. HP: 2/63 MP: 7/7
  3720 | D:5      | Entered Level 5 of the Dungeon
  4252 | D:4      | Reached skill level 7 in Fighting
  4258 | D:4      | Reached skill level 7 in Armour
  4258 | D:4      | Reached skill level 7 in Shields
  4761 | D:4      | Noticed Natasha
  4765 | D:4      | Killed Natasha
  4915 | D:5      | Slain by an ogre

Vanquished Creatures
  4 yaks (D:4)
  An ogre (D:4)
  A centaur (D:3)
  2 water moccasin skeletons (D:4)
  2 jellies (Sewer)
  A gnoll shaman (D:5)
  A hound (D:4)
  An iguana (D:4)
  Natasha (D:4)
  7 adders
  3 gnolls (D:5)
  4 river rats
  An adder skeleton (D:4)
  2 dart slugs
  12 endoplasms
  7 giant cockroaches
  2 hobgoblins
  5 kobolds
  6 quokkas
  6 ball pythons
  8 bats
  6 frilled lizards
  9 goblins
  9 rats
101 creatures vanquished.

Vanquished Creatures (collateral kills)
  A yak (D:4)
  A hound zombie (D:5)
  An adder (Sewer)
  An endoplasm (Sewer)
  A goblin (D:4)
  A frilled lizard (Sewer)
  2 rats
8 creatures vanquished.

Vanquished Creatures (others)
  An ancestor (D:4)
1 creature vanquished.

Grand Total: 110 creatures vanquished

Table legend:
 A = Non-vault XP
 B = Vault XP
 C = Vault XP percentage of total XP
 D = Non-vault monster count
 E = Vault monster count
 F = Vault count percentage of total count
                 A         B        C        D         E       F
            +---------+---------+-------+---------+---------+-------
      Total |    1765 |     234 |  11.7 |      73 |      36 |  33.0
            +---------+---------+-------+---------+---------+-------
        D:1 |      41 |       0 |   0.0 |      24 |       0 |   0.0
        D:2 |      33 |       0 |   0.0 |      12 |       0 |   0.0
        D:3 |     160 |       0 |   0.0 |      11 |       0 |   0.0
        D:4 |    1412 |      54 |   3.7 |      19 |       9 |  32.1
        D:5 |     119 |       0 |   0.0 |       7 |       0 |   0.0
      Sewer |       0 |     180 | 100.0 |       0 |      27 | 100.0
            +---------+---------+-------+---------+---------+-------

Illustrated notes

Table legend:
 A = Kills in this place as a percentage of kills in entire the game.
 B = Kills by you in this place as a percentage of kills by you in the entire game.
 C = Kills by friends in this place as a percentage of kills by friends in the entire game.
 D = Other kills in this place as a percentage of other kills in the entire game.
 E = Experience gained in this place as a percentage of experience gained in the entire game.
 F = Experience gained in this place divided by the number of levels of this place that you have seen.
                   A       B       C       D       E      F
               +-------+-------+-------+-------+-------+----------------------
         Total | 100.0 | 100.0 | 100.0 |   N/A | 100.0 | 333.2
       Dungeon |  75.2 |  77.2 |  50.0 |   N/A |  91.0 | 363.8
         Sewer |  24.8 |  22.8 |  50.0 |   N/A |   9.0 | 180.0
               +-------+-------+-------+-------+-------+----------------------

Table legend: (Time is in decaauts)
 A = Elapsed time spent in this place.
 B = Non-inter-level travel time spent in this place.
 C = Inter-level travel time spent in this place.
 D = Time resting spent in this place.
 E = Time spent auto-exploring this place.
 F = Levels seen in this place.
 G = Mean time per level.
                   A        B        C        D        E       F      G
               +--------+--------+--------+--------+--------+-----+--------+
         Total |   4918 |   4826 |     92 |   1062 |   2926 |   6 |  819.7 |
       Dungeon |   4309 |   4217 |     92 |    870 |   2665 |   5 |  861.8 |
         Sewer |    608 |    608 |      0 |    192 |    260 |   1 |  608.0 |
               +--------+--------+--------+--------+--------+-----+--------+

Top non-repeatable levels by time:
     D:4: 1294 daAuts
     D:3: 1180 daAuts
     D:2: 751 daAuts
   Sewer: 608 daAuts
     D:1: 550 daAuts
     D:5: 533 daAuts
